 Dungeon Crawl Stone Soup version 0.18.1-48-g4cf74bf (webtiles) character file.

1295 HAL9000j the Skirmisher (level 8, -1/51 HPs)
             Began as a Gargoyle Fighter on July 9, 2016.
             Was a Believer of Dithmenos.
             Slain by an orc priest (3 damage)
             ... on level 5 of the Dungeon.
             The game lasted 00:28:18 (4686 turns).

HAL9000j the Skirmisher (Gargoyle Fighter)          Turns: 4686, Time: 00:28:19

Health: -1/51      AC: 10    Str: 22    XL:     8   Next: 56%
Magic:  0/12       EV:  8    Int:  8    God:    Dithmenos [**....]
Gold:   164        SH:  9    Dex: 10    Spells: 0 memorised, 13 levels left

rFire  . . .     SeeInvis .     u - +3 whip
rCold  . . .     Gourm    .     t - +0 leather armour {MR+}
rNeg   + . .     Faith    .     c - +0 shield
rPois  ∞         Spirit   +     (no helmet)
rElec  +         Dismiss  .     (no cloak)
rCorr  .         Reflect  .     (no gloves)
SustAt .         Harm     .     (no boots)
MR     +....                    j - amulet of guardian spirit
Stlth  +++.......               (no ring)
                                n - ring of wizardry

@: wreathed by umbra, invisible, somewhat resistant to hostile enchantments,
fairly stealthy
A: slimy green scales 1, negative energy resistance 1, electricity resistance,
unbreathing, petrification resistance, rot immunity, AC +5
a: Shadow Step, Renounce Religion


You were on level 5 of the Dungeon.
You worshipped Dithmenos.
Dithmenos was pleased with you.
You were full.

You visited 2 branches of the dungeon, and saw 6 of its levels.

You collected 164 gold pieces.

Inventory:

Hand Weapons
 a - a +0 war axe
 b - a +1 dagger of venom
 o - a +0 great mace
 u - a +3 whip (weapon)
Missiles
 e - 2 tomahawks (quivered)
 i - 87 arrows
 q - 44 sling bullets
 r - 55 bolts
Armour
 c - a +0 shield (worn)
 d - a +0 plate armour
 t - a +0 leather armour of magic resistance (worn)
Jewellery
 j - an amulet of guardian spirit (around neck)
 n - a ring of wizardry (left hand)
Wands
 y - a wand of iceblast (8/15)
Scrolls
 h - a scroll of fear
 k - 2 scrolls of remove curse
 s - a scroll of amnesia
 v - a scroll of noise
Potions
 g - a potion of mutation
 p - a potion of flight {unknown}
 A - a potion of ambrosia {unknown}
Comestibles
 f - 5 bread rations
 x - a meat ration


   Skills:
 + Level 5.7 Fighting
 - Level 1.8(2.9) Axes
 + Level 3.9(4.1) Maces & Flails
 + Level 5.3 Armour
 + Level 5.0 Stealth
 - Level 4.0 Shields
 + Level 3.3 Spellcasting
 + Level 3.4 Invocations


You had 13 spell levels left.
You didn't know any spells.

Dungeon Overview and Level Annotations

Branches:
Dungeon (5/15)             Temple (1/1) D:4

Altars:
Cheibriados
Dithmenos
Fedhas
Kikubaaqudgha
Nemelex Xobeh
Okawaru
Pakellas
Qazlal
Ru
Sif Muna
Trog
Vehumet
Xom
Zin
The Shining One


Innate Abilities, Weirdness & Mutations

You are resistant to torment.
Your stone body is resilient (AC +5).
You are immune to poison.
You resist negative energy.
You are resistant to electric shocks.
You can survive without breathing.
You are immune to petrification.
You are immune to rotting.
You are partially covered in slimy green scales (AC +2).


Message History

Beogh smites you!
* * * LOW HITPOINT WARNING * * *
You hit the orc priest but do no damage.
The orc priest hits you but does no damage.
Your shield prevents you from hitting the orc priest.
You block the orc priest's attack.
The orc wizard mumbles some strange words.
The orc wizard blinks!
You hit the orc priest.
The orc priest is moderately wounded.
The orc priest mumbles some strange prayers to Beogh against you.
Beogh smites you!
* * * LOW HITPOINT WARNING * * *
The orc wizard casts a spell.
The orc wizard blinks!
An adder comes into view.
Drink which item? (? for menu, Esc to quit)
You fade into invisibility!
The orc priest hits you.
You die...

#....######..# ###............#
..#........#...# ######+
..#........#.#># .......
..#........#.### .......
..#........#.# ...o...
..##########.# #...⌠≈≈≈ ..#
#.#######...≈≈# .. ..#
#....@o§#...≈# ≈...
..################.S...≈# ≈...
..'........<#.....##...≈# #≈...
..###########.###.##..§≈≈###≈≈...
................#.##...⌠≈≈≈≈≈⌠...
#############.#.#.##.............
#...#.##.............
######.##.............
#.[....########+######


You could see an orc priest and an adder.

Vanquished Creatures
  The ghost of Trampli the Ducker, a novice TrBe of Trog (D:5)
  Eustachio (D:5)
  Duvessa (D:5)
  An ogre (D:4)
  A centaur (D:5)
  A scorpion (D:4)
  Dowan (D:5)
  A giant frog zombie (D:5)
  A hound (D:5)
  A giant frog skeleton (D:3)
  A centaur skeleton (D:4)
  An orc priest (D:5)
  2 iguanas (D:4)
  2 orc wizards (D:5)
  A worker ant (D:5)
  A hound skeleton (D:5)
  A howler monkey zombie (D:5)
  8 adders
  An ooze (D:5)
  4 worms
  A dart slug (D:3)
  A giant gecko (D:5)
  5 orcs
  A ball python (D:3)
  A giant cockroach (D:1)
  5 hobgoblins
  8 jackals
  4 kobolds (D:1)
  2 quokkas
  A ball python skeleton (D:4)
  12 bats
  A giant gecko skeleton (D:4)
  6 giant newts
  8 goblins
  4 rats
92 creatures vanquished.

Notes
Turn   | Place    | Note
--------------------------------------------------------------
     0 | D:1      | HAL9000j the Gargoyle Fighter began the quest for the Orb.
     0 | D:1      | Reached XP level 1. HP: 14/14 MP: 1/1
   218 | D:1      | Reached XP level 2. HP: 16/19 MP: 2/2
   604 | D:1      | Reached skill level 1 in Stealth
   769 | D:2      | Found a shimmering altar of Xom.
   824 | D:2      | Found a sparkling altar of Nemelex Xobeh.
   897 | D:2      | Reached XP level 3. HP: 21/23 MP: 3/3
  1014 | D:2      | Found a shadowy altar of Dithmenos.
  1033 | D:2      | Became a worshipper of Dithmenos the Shadowed
  1100 | D:2      | Reached XP level 4. HP: 25/29 MP: 5/5
  1170 | D:2      | Found a glowing silver altar of Zin.
  1240 | D:2      | Found a blossoming altar of Fedhas.
  1301 | D:2      | Found an ancient bone altar of Kikubaaqudgha.
  1429 | D:2      | Reached skill level 1 in Maces & Flails
  1511 | D:3      | Found a stormy altar of Qazlal.
  1829 | D:3      | Reached * piety under Dithmenos
  1851 | D:3      | Reached XP level 5. HP: 21/33 MP: 4/6
  2246 | D:3      | Reached skill level 1 in Spellcasting
  2483 | D:3      | Found a glowing golden altar of the Shining One.
  2565 | D:4      | Found a staircase to the Ecumenical Temple.
  2583 | Temple   | Entered the Ecumenical Temple
  2925 | D:4      | Found a sacrificial altar of Ru.
  3023 | D:4      | Reached XP level 6. HP: 36/39 MP: 8/8
  3254 | D:4      | Reached skill level 1 in Invocations
  3287 | D:4      | Found a deep blue altar of Sif Muna.
  3474 | D:5      | Entered Level 5 of the Dungeon
  3636 | D:5      | Noticed Trampli's ghost (novice TrBe)
  3646 | D:5      | HP: 1/39 [adder (2)]
  3647 | D:5      | Gained mutation: You are clumsy. (Dex -2) [potion of mutation]
  3647 | D:5      | Lost mutation: You are clumsy. (Dex -2) [potion of mutation]
  3647 | D:5      | Gained mutation: You are partially covered in slimy green scales (AC +2). [potion of mutation]
  3667 | D:5      | Killed Trampli's ghost
  3667 | D:5      | Reached skill level 5 in Fighting
  3667 | D:5      | Reached XP level 7. HP: 29/44 MP: 2/10
  3737 | D:5      | Noticed Dowan
  3847 | D:5      | Noticed Eustachio
  3870 | D:5      | Reached XP level 8. HP: 48/49 MP: 10/12
  3913 | D:5      | Killed Eustachio
  3913 | D:5      | Reached skill level 5 in Armour
  4112 | D:5      | Reached ** piety under Dithmenos
  4140 | D:5      | Noticed Duvessa
  4260 | D:5      | Killed Dowan
  4285 | D:5      | Killed Duvessa
  4285 | D:5      | Reached skill level 5 in Stealth
  4685 | D:5      | HP: 1/51 [orc priest/divine providence (12)]
  4686 | D:5      | Slain by an orc priest

Skill      XL: |  1  2  3  4  5  6  7  8 |
---------------+-------------------------+-----
Stealth        | 1 2 3 4 5 |  5.0
Maces & Flails | 1 2 3 |  3.9
Fighting       | 4 5 |  5.7
Shields        | 4 |  4.0
Spellcasting   | 1 2 3 |  3.3
Armour         | 4 5 |  5.3
Invocations    | 2 3 |  3.4
Axes           | |  1.8

Action                   |  1- 3 |  4- 6 |  7- 9 || total
-------------------------+-------+-------+-------++-------
Melee: War axe           |    80 |       |       ||    80
       Great mace        |    65 |   182 |    97 ||   344
       Whip              |       |       |     8 ||     8
Evoke: Wand              |       |       |     1 ||     1
  Use: Scroll            |     1 |     6 |     3 ||    10
       Potion            |       |     4 |     4 ||     8
 Stab: Sleeping          |       |     3 |     1 ||     4
  Eat: Chunk             |     1 |     5 |     2 ||     8
       Bread ration      |       |     1 |       ||     1
       Meat ration       |       |       |     1 ||     1
Armor: Scale mail        |    38 |       |       ||    38
       Ring mail         |    47 |   104 |       ||   151
       Leather armour    |       |    42 |    40 ||    82
       Plate armour      |       |       |     7 ||     7
       Skin              |       |       |     6 ||     6
Dodge: Dodged            |    86 |   160 |    74 ||   320
Block: Shield            |    38 |       |     2 ||    40
